 Dungeon Crawl Stone Soup version 0.31-a0-716-gc7603755dd (webtiles) character file.

Game seed: 17461590718716537594

201 wullow85 the Magician (level 5, -1/38 HPs)
             Began as a Gnoll Hedge Wizard on Sept 10, 2023.
             Killed by nerve-wracking pain
             ... invoked by Grinder
              (4 damage)
             ... on level 3 of the Dungeon.
             The game lasted 00:11:53 (3858 turns).

wullow85 the Magician (Gnoll Hedge Wizard)          Turns: 3858, Time: 00:11:54

Health: -1/38      AC:  4    Str: 11    XL:     5   Next: 79%
Magic:  5/14       EV: 14    Int: 13    God:
Gold:   188        SH:  0    Dex: 18    Spells: 8/18 levels left

rFire   . . .        s - +1 hand axe (elec)
rCold   . . .        (no shield)
rNeg    + . .        b - +0 robe
rPois   .            l - +2 hat
rElec   .            (no cloak)
rCorr   .            (no gloves)
SInv    .            (no boots)
Will    .....        (no amulet)
Stlth   +++          f - ring of positive energy
HPRegen 0.26/turn    g - +6 ring of dexterity
MPRegen 0.14/turn

%: no passive effects
@: invisible
A: fangs 1, strong nose, distributed training
a: no special abilities


You were on level 3 of the Dungeon.
You visited 1 branch of the dungeon, and saw 4 of its levels.

You collected 188 gold pieces.

Inventory:

Hand Weapons
 a - a +0 dagger
 k - a +0 dagger
 s - a +1 hand axe of electrocution (weapon)
 u - a +1 dagger of flaming
Missiles
 e - 28 stones
 r - 8 poisoned darts
Armour
 b - a +0 robe (worn)
 l - a +2 hat (worn)
Jewellery
 f - a ring of positive energy (left hand)
 g - a +6 ring of dexterity (right hand)
Talismans
 x - a beast talisman
Scrolls
 h - a scroll of noise
 i - a scroll of amnesia {unknown}
 j - a scroll of identify
 q - 2 scrolls of teleportation {unknown}
 t - 3 scrolls of enchant armour {unknown}
 v - 2 scrolls of poison {unknown}
 y - a scroll of vulnerability {unknown}
Potions
 d - 3 potions of magic
 m - a potion of mutation {unknown}
 n - a potion of ambrosia {unknown}
 o - a potion of curing {unknown}
 p - a potion of heal wounds {unknown}
 w - a potion of brilliance {unknown}
 z - a potion of experience {unknown}


   Skills:
 + Level 1.6 Fighting
 + Level 1.6 Short Blades
 + Level 1.6 Long Blades
 + Level 1.6 Axes
 + Level 1.6 Maces & Flails
 + Level 1.6 Polearms
 + Level 1.6 Staves
 + Level 1.6 Ranged Weapons
 + Level 1.6 Throwing
 + Level 1.6 Armour
 + Level 4.8 Dodging
 + Level 4.5 Stealth
 + Level 1.6 Shields
 + Level 1.6 Unarmed Combat
 + Level 7.3 Spellcasting
 + Level 2.5 Conjurations
 + Level 1.3 Hexes
 + Level 2.5 Summonings
 + Level 1.3 Necromancy
 + Level 2.5 Translocations
 + Level 1.3 Transmutations
 + Level 1.3 Fire Magic
 + Level 1.3 Ice Magic
 + Level 1.3 Air Magic
 + Level 1.3 Earth Magic
 + Level 1.3 Poison Magic
 + Level 1.9 Invocations
 + Level 1.6 Evocations
 + Level 1.5 Shapeshifting


You had 8 spell levels left.
You knew the following spells:

 Your Spells              Type           Power      Damage    Failure   Level
a - Magic Dart            Conj           44%        1d5       5%          1
b - Call Imp              Summ           22%        N/A       8%          2
c - Blink                 Tloc           22%        N/A       8%          2
d - Searing Ray           Conj           22%        2d5       8%          2
e - Mephitic Cloud        Conj/Pois/Air  9%         N/A       22%         3

Your spell library contained the following spells:

 Spells                   Type           Power      Damage    Failure   Level
 Slow                     Hex            32%        N/A       9%          1
 Cigotuvi's Dreadful Rot  Necr/Pois/Air  16%        N/A       13%         2
 Ozocubu's Armour         Ice            8%         N/A       26%         3
 Tukima's Dance           Hex            8%         N/A       26%         3
 Passage of Golubria      Tloc           11%        N/A       45%         4
 Fulminant Prism          Conj/Hex       4%         3d5       54%         4
 Yara's Violent Unravell  Hex/Tmut       4%         3d4       93%         5
 Ozocubu's Refrigeration  Ice            4%         4d8       100%        7


Dungeon Overview and Level Annotations

Branches:
Dungeon (4/15)
 Temple: D:4-7

Altars:

Shops:
D:1 [   D:3 *

Annotations:
D:3 Grinder


Innate Abilities, Weirdness & Mutations

You have very sharp teeth.
Your uncanny sense of smell can sniff out nearby items.
Your experience applies equally to all skills.


Message History

Confirm with . or Enter, or press ? or * to list all spells.
Aiming: Magic Dart (safe; 5% risk of failure)
Press: ? - help, Shift-Dir - straight line, f/p - Grinder
Aim: Grinder (heavily wounded, 100% to hit)
Okay, then.
Casting: Magic Dart (safe; 5% risk of failure)
Confirm with . or Enter, or press ? or * to list all spells.
Aiming: Searing Ray (safe; 8% risk of failure)
Press: ? - help, Shift-Dir - straight line, f/p - Grinder
Aim: Grinder (heavily wounded, 73% to hit)
The searing ray hits Grinder.
Grinder is severely wounded. (Press . to maintain the ray.) Grinder gestures at you.
Pain shoots through your body!
* * * LOW HITPOINT WARNING * * *
The searing ray hits Grinder.
Grinder is severely wounded.
Grinder hits you.
* * * LOW HITPOINT WARNING * * *
You writhe in agony.
* * * LOW HITPOINT WARNING * * *
The searing ray misses Grinder.
Grinder gestures at you. Pain shoots through your body!
* * * LOW HITPOINT WARNING * * *
You fade into invisibility!
Grinder closely misses you.
Casting: Searing Ray (safe; 8% risk of failure)
Confirm with . or Enter, or press ? or * to list all spells.
Aiming: Magic Dart (safe; 5% risk of failure)
Press: ? - help, Shift-Dir - straight line, f/p - Grinder
Aim: Grinder (severely wounded, unable to see you, 100% to hit)
The magic dart hits Grinder.
Grinder is almost dead.
Grinder says, "Make like a tree!"
Grinder gestures at you. Pain shoots through your body!
You die...
Grinder says, "Now the real fun starts!"

.....#..#
#......#.........#
####....#
#......###########
####.###......#
#...########
#....####
##.#)[[.#
#..###.########
##.....5>.....#
####...)@..>.#
#.........#
#.........#
#.........#
#.........#
#.........#
#.........#
###########


You could see Grinder (unable to see you).

Vanquished Creatures
  An orc wizard (D:2)
  Natasha (thrice) (D:3)
  An adder (D:2)
  A worm (D:3)
  A dart slug (D:3)
  10 orcs
  7 ball pythons
  9 endoplasms
  3 giant cockroaches
  3 goblins
  11 hobgoblins
  2 jackals (D:2)
  A quokka (D:2)
  4 bats
  A frilled lizard (D:3)
  5 kobolds
  11 rats
74 creatures vanquished.

Notes
Turn   | Place    | Note
-------+----------+-------------------------------------------
     0 | D:1      | wullow85 the Gnoll Hedge Wizard began the quest for the
                  | Orb.
     0 | D:1      | Reached XP level 1. HP: 13/13 MP: 8/8
   268 | D:1      | Reached XP level 2. HP: 19/19 MP: 3/10
   341 | D:1      | Learned a level 2 spell: Call Imp
   344 | D:1      | Learned a level 2 spell: Blink
   579 | D:1      | Found Xired's Armour Boutique.
   647 | D:1      | Learned a level 2 spell: Searing Ray
  1277 | D:2      | Reached XP level 3. HP: 25/25 MP: 5/11
  1638 | D:2      | Learned a level 3 spell: Mephitic Cloud
  1703 | D:2      | Reached skill level 1 in Invocations
  1834 | D:2      | Reached skill level 1 in Fighting
  1834 | D:2      | Reached skill level 1 in Short Blades
  1834 | D:2      | Reached skill level 1 in Long Blades
  1834 | D:2      | Reached skill level 1 in Axes
  1834 | D:2      | Reached skill level 1 in Maces & Flails
  1834 | D:2      | Reached skill level 1 in Polearms
  1834 | D:2      | Reached skill level 1 in Staves
  1834 | D:2      | Reached skill level 1 in Ranged Weapons
  1834 | D:2      | Reached skill level 1 in Throwing
  1834 | D:2      | Reached skill level 1 in Armour
  1834 | D:2      | Reached skill level 1 in Shields
  1834 | D:2      | Reached skill level 1 in Unarmed Combat
  1834 | D:2      | Reached skill level 1 in Evocations
  2103 | D:2      | Reached XP level 4. HP: 32/32 MP: 10/13
  2144 | D:2      | Reached skill level 1 in Shapeshifting
  2160 | D:2      | Reached skill level 1 in Hexes
  2160 | D:2      | Reached skill level 1 in Necromancy
  2160 | D:2      | Reached skill level 1 in Transmutations
  2160 | D:2      | Reached skill level 1 in Fire Magic
  2160 | D:2      | Reached skill level 1 in Ice Magic
  2160 | D:2      | Reached skill level 1 in Air Magic
  2160 | D:2      | Reached skill level 1 in Earth Magic
  2160 | D:2      | Reached skill level 1 in Poison Magic
  2481 | D:2      | Found a faded altar of an unknown god.
  2600 | D:3      | Noticed Grinder
  2778 | D:3      | Paralysed by Grinder for 5 turns
  3040 | D:3      | Reached XP level 5. HP: 37/37 MP: 5/14
  3251 | D:3      | Noticed Natasha
  3265 | D:3      | Killed Natasha
  3408 | D:3      | Found Elofyoma's General Store.
  3564 | D:3      | Noticed Natasha
  3570 | D:3      | Killed Natasha
  3691 | D:3      | Noticed Natasha
  3695 | D:3      | Killed Natasha
  3753 | D:3      | Paralysed by Grinder for 5 turns
  3768 | D:3      | Paralysed by Grinder for 4 turns
  3858 | D:3      | Killed from afar by Grinder

Illustrated notes

Levels and vault maps discovered:
D:1:      roderic_crop_circles_arrival_small, layout_basic, serial_shops,
          nicolae_shop_advertising_works [nicolae_subvault_shop_adworks]
D:2:      minmay_alternating_diamond, layout_basic,
          hellmonk_ecumenical_altar_leap_of_faith, minmay_ruptured
D:3:      layout_rooms, serial_shops, shop, uniq_grinder, uniq_natasha
D:4:      layout_loops_ring, minmay_misc_feat_enclosed, uniq_pikel, uniq_edmund

Skill      XL: |  1  2  3  4 |
---------------+-------------+-----
Conjurations   | 2 |  2.5
Summonings     | 2 |  2.5
Translocations | 2 |  2.5
Invocations    | 1 |  1.9
Fighting       | 1 |  1.6
Short Blades   | 1 |  1.6
Long Blades    | 1 |  1.6
Axes           | 1 |  1.6
Maces & Flails | 1 |  1.6
Polearms       | 1 |  1.6
Staves         | 1 |  1.6
Ranged Weapons | 1 |  1.6
Throwing       | 1 |  1.6
Armour         | 1 |  1.6
Shields        | 1 |  1.6
Unarmed Combat | 1 |  1.6
Evocations     | 1 |  1.6
Shapeshifting  | 1 |  1.5
Hexes          | 1 |  1.3
Necromancy     | 1 |  1.3
Transmutations | 1 |  1.3
Fire Magic     | 1 |  1.3
Ice Magic      | 1 |  1.3
Air Magic      | 1 |  1.3
Earth Magic    | 1 |  1.3
Poison Magic   | 1 |  1.3
Dodging        | |  4.8
Stealth        | |  4.5
Spellcasting   | |  7.3

Action                     |  1- 3 |  4- 6 || total
---------------------------+-------+-------++-------
  Melee: Dagger            |     1 |       ||     1
         Hand axe          |     1 |    13 ||    14
         Bite              |       |     1 ||     1
   Cast: Magic Dart        |    94 |    69 ||   163
         Searing Ray       |     3 |    16 ||    19
         Call Imp          |       |     1 ||     1
    Use: Scroll            |       |     2 ||     2
         Potion            |       |     2 ||     2
 Armour: Robe              |     3 |    26 ||    29
  Dodge: Dodged            |     7 |    19 ||    26

Table legend: (Time is in decaauts)
 A = Elapsed time spent in this place.
 B = Non-inter-level travel time spent in this place.
 C = Inter-level travel time spent in this place.
 D = Time resting spent in this place.
 E = Time spent auto-exploring this place.
 F = Levels seen in this place.
 G = Mean time per level.
                   A        B        C        D        E       F      G
               +--------+--------+--------+--------+--------+-----+--------+
         Total |   3861 |   3757 |    104 |    979 |   2230 |   4 |  965.2 |
       Dungeon |   3861 |   3757 |    104 |    979 |   2230 |   4 |  965.2 |
               +--------+--------+--------+--------+--------+-----+--------+

Top non-repeatable levels by time:
     D:2: 1536 daAuts
     D:3: 1175 daAuts
     D:1: 1090 daAuts
     D:4: 59 daAuts
